 Dungeon Crawl Stone Soup version 0.25.0-9-g26727b657a (webtiles) character file.

Game seed: 5257384000938526640

472 mopl the Cudgeler (level 7, -1/44 HPs)
             Began as a Gargoyle Fighter on June 16, 2020.
             Was a Follower of Okawaru.
             Slain by an orc
             ... wielding a +0 hand axe
              (3 damage)
             ... on level 4 of the Dungeon.
             The game lasted 00:03:28 (2731 turns).

mopl the Cudgeler (Gargoyle Fighter)                Turns: 2731, Time: 00:03:29

Health: -1/44      AC: 16    Str: 20    XL:     7   Next: 9%
Magic:  14/18      EV: 10    Int:  8    God:    Okawaru [*.....]
Gold:   218        SH: 11    Dex: 11    Spells: 6/6 levels left

rFire    . . .     SeeInvis .   a - +0 flail
rCold    . . .     Gourm    .   c - +0 kite shield
rNeg     + . .     Faith    .   p - +3 scale mail {MR+}
rPois    ∞         Spirit   .   (no helmet)
rElec    +         Reflect  .   (no cloak)
rCorr    +         Harm     .   (no gloves)
MR       +....                  (no boots)
Stlth    +.........             v - amulet of regeneration
HPRegen  0.54/turn              i - ring of magical power
MPRegen  0.16/turn              w - ring of resist corrosion

@: heroism
A: negative energy resistance 1, electricity resistance, unbreathing,
petrification resistance, rot immunity, AC +4
a: Heroism, Renounce Religion


You were on level 4 of the Dungeon.
You worshipped Okawaru.
Okawaru was aware of your devotion.
You were not hungry.

You visited 2 branches of the dungeon, and saw 5 of its levels.

You collected 218 gold pieces.

Inventory:

Hand Weapons
 a - a +0 flail (weapon)
Missiles
 g - 38 poisoned darts (quivered)
 j - 7 curare-tipped darts
Armour
 c - a +0 kite shield (worn)
 p - a +3 scale mail of magic resistance (worn)
Jewellery
 i - a ring of magical power (left hand)
 u - an uncursed ring of ice
 v - an amulet of regeneration (around neck)
 w - a ring of resist corrosion (right hand)
Scrolls
 l - a scroll of fog {unknown}
 m - 2 scrolls of random uselessness {unknown}
 n - 6 scrolls of identify {unknown}
 o - 3 scrolls of teleportation {unknown}
 s - 2 scrolls of enchant armour {unknown}
 t - a scroll of immolation {unknown}
Potions
 b - 2 potions of curing {unknown}
 d - a potion of might
 e - 3 potions of heal wounds {unknown}
 h - 2 potions of degeneration {unknown}
 k - 2 potions of berserk rage {unknown}
 q - a potion of stabbing {unknown}
Comestibles
 f - 6 rations
 r - 10 chunks of flesh


   Skills:
 + Level 5.2(10.2) Fighting
 * Level 5.7(10.7) Maces & Flails
 - Level 3.2(8.2) Armour
 - Level 3.2(8.2) Shields
 + Level 2.8 Invocations


You had 6 spell levels left.
You didn't know any spells.
Your spell library was empty.

Dungeon Overview and Level Annotations

Branches:
Dungeon (4/15)             Temple (1/1) D:4

Altars:
Dithmenos
Fedhas
Kikubaaqudgha
Okawaru
Qazlal
Trog


Innate Abilities, Weirdness & Mutations

You are resistant to torment.
Your stone body is resilient. (AC +4)
You are immune to poison.
You resist negative energy. (rN+)
You are resistant to electric shocks. (rElec)
You can survive without breathing.
You are immune to petrification.
You are immune to rotting.


Message History

* * * LOW HITPOINT WARNING * * *
You block the orc's attack. The quokka bites you.
* * * LOW HITPOINT WARNING * * *
Unknown command.
You barely miss the ogre.
The ogre is almost dead.
The quokka bites you but does no damage.
The ogre closely misses you. You block the orc's attack.
You block the quokka's attack.
You sock the ogre!
You kill the ogre!
Okawaru accepts your kill.
You can now gain great but temporary skills.
You have reached level 7!
The orc hits you but does no damage. You block the quokka's attack.
The orc hits you with a cursed -2 war axe.
* * * LOW HITPOINT WARNING * * *
You gain the combat prowess of a mighty hero.
The orc hits you with a +0 hand axe.
You die...

#.#.#..#####.#.#
................
....#..#####...#
.......##....#.#
>..^#.....# #.####
......##..####....
....#.##.......... .#
..........###.#####...#
#.#.#..#.......r@oo...#
......#...####.o###...#
........#.# ##.... ...
..##.####.# #....o. .
...#.. ..# #.......
.... ##. ........ ....
. ........ ... #.....(.
...


You could see 3 orcs and a quokka.

Vanquished Creatures
  2 ogres (D:4)
  A scorpion (D:4)
  A crimson imp (D:2)
  A hound (D:4)
  An orc priest (D:3)
  3 gnolls (D:3)
  2 adders (D:3)
  2 worms
  2 dart slugs
  9 leopard geckos
  7 orcs (D:3)
  A ball python (D:3)
  6 bats
  5 giant cockroaches
  3 goblins
  16 hobgoblins
  5 jackals
  3 kobolds
  5 frilled lizards
  A leopard gecko skeleton (D:4)
  8 rats
84 creatures vanquished.

Notes
Turn   | Place    | Note
-------+----------+-------------------------------------------
     0 | D:1      | mopl the Gargoyle Fighter began the quest for the Orb.
     0 | D:1      | Reached XP level 1. HP: 14/14 MP: 1/1
   364 | D:1      | Reached XP level 2. HP: 16/19 MP: 2/2
   492 | D:1      | Reached XP level 3. HP: 11/24 MP: 3/3
   964 | D:2      | Reached XP level 4. HP: 22/29 MP: 4/4
  1205 | D:2      | Found a blossoming altar of Fedhas.
  1330 | D:2      | Found a stormy altar of Qazlal.
  1635 | D:2      | Found an iron altar of Okawaru.
  1638 | D:2      | Found a bloodstained altar of Trog.
  1642 | D:2      | Became a worshipper of Warmaster Okawaru
  1694 | D:3      | Reached XP level 5. HP: 18/34 MP: 5/5
  1798 | D:3      | Reached skill level 1 in Invocations
  1844 | D:3      | Found a shadowy altar of Dithmenos.
  1845 | D:3      | Found an ancient bone altar of Kikubaaqudgha.
  2526 | D:4      | Reached skill level 5 in Maces & Flails
  2526 | D:4      | Reached XP level 6. HP: 40/40 MP: 7/7
  2591 | D:4      | Found a staircase to the Ecumenical Temple.
  2602 | Temple   | Entered the Ecumenical Temple
  2693 | D:4      | Reached skill level 5 in Fighting
  2728 | D:4      | HP: 2/40 [quokka (1)]
  2730 | D:4      | Reached * piety under Okawaru
  2730 | D:4      | Reached XP level 7. HP: 3/44 MP: 9/9
  2731 | D:4      | Slain by an orc

Illustrated notes

Levels and vault maps discovered:
D:1:      saegor_arrival_under_anarchy, layout_rooms
D:2:      layout_loops_cross, minitemple, fedhas_altar_3
D:3:      layout_basic, chequers_temple_overflow_statue_of_worship
D:4:      layout_rooms, gammafunk_temple_overflow_elements,
          minmay_temple_entry_glass, first_ration, st_stairs_14
Temple:   minmay_temple_bridge_abc

Skill      XL: |  1  2  3  4  5  6 |
---------------+-------------------+-----
Maces & Flails | 3 4 5 |  5.7
Fighting       | 4 5 |  5.2
Invocations    | 1 2 |  2.8
Armour         | |  3.2
Shields        | |  3.2

Action                   |  1- 3 |  4- 6 |  7- 9 || total
-------------------------+-------+-------+-------++-------
Melee: Flail             |   138 |   260 |       ||   398
Invok: Heroism           |       |       |     1 ||     1
  Eat: Chunk             |       |     7 |       ||     7
Armor: Scale mail        |    77 |   111 |     1 ||   189
       Plate armour      |    55 |    54 |       ||   109
Dodge: Dodged            |    48 |    65 |       ||   113
Block: Kite shield       |    96 |   150 |     1 ||   247
